 Dungeon Crawl Stone Soup version 0.31-a0-204-g7da18cac08 (webtiles) character file.

Game seed: 16473629801157600712

1262 qw the Skirmisher (level 8, 0/46 HPs)
             Began as a Deep Elf Hunter on June 27, 2023.
             Succumbed to Duvessa's poison
             ... on level 6 of the Dungeon.
             The game lasted 00:01:54 (4793 turns).

qw the Skirmisher (Deep Elf Hunter)                 Turns: 4793, Time: 00:01:54

Health: 0/46       AC:  9    Str:  9    XL:     8   Next: 27%
Magic:  10/10      EV: 11    Int: 19    God:
Gold:   167        SH:  0    Dex: 17    Spells: 7/7 levels left

rFire   . . .        Y - +0 shortbow
rCold   . . .        (shield currently unavailable)
rNeg    . . .        f - +0 ring mail
rPois   .            (no helmet)
rElec   .            o - +0 cloak
rCorr   .            (no gloves)
SInv    .            m - +0 pair of boots
Will    +....        (no amulet)
Stlth   +            j - ring of willpower
HPRegen 1.07/turn    l - +4 ring of slaying {mikee}
MPRegen 0.12/turn

%: no passive effects
@: lethally poisoned (0 -> -42), about to teleport
A: talons 1, iridescent scales 1, clever 1, regeneration 1
a: no special abilities


You were on level 6 of the Dungeon.
You visited 1 branch of the dungeon, and saw 6 of its levels.
You also visited: Ossuary.

You collected 330 gold pieces.
You spent 163 gold pieces at shops.


Innate Abilities, Weirdness & Mutations

You have sharp toenails.
You are partially covered in iridescent scales. (AC +2)
Your mind is acute. (Int +4, Str/Dex -1)
Your natural rate of healing is unusually fast.


   Skills:
 - Level 3.0 Fighting
 + Level 12.7 Ranged Weapons
 - Level 1.8 Armour
 - Level 3.0 Dodging
 - Level 1.2 Stealth


You had 7 spell levels left.
You didn't know any spells.
Your spell library was empty.

Inventory:

Hand Weapons
 Y - a +0 shortbow (weapon)
Armour
 f - a +0 ring mail (worn)
 m - a +0 pair of boots (worn)
 o - a +0 cloak (worn)
Jewellery
 j - a ring of willpower (left hand)
 l - a +4 ring of slaying (right hand) {mikee}
Scrolls
 b - 2 scrolls of identify
 c - a scroll of teleportation
Potions
 a - 3 potions of might
 e - a potion of ambrosia {unknown}
 g - a potion of mutation
 h - a potion of haste
 i - a potion of heal wounds
 k - a potion of curing
 n - a potion of resistance {unknown}

Dungeon Overview and Level Annotations

Branches:
Dungeon (6/15)            Ossuary (visited)
 Temple: D:4-7

Altars:
Elyvilon
Fedhas
Gozag
Makhleb

Shops:
D:2 [   D:4 ?   D:5 *

Annotations:
D:6 Duvessa


Message History

You shoot an arrow.
The arrow hits Duvessa but does no damage.
Duvessa rages.
You shoot an arrow. The arrow barely misses Duvessa.
You shoot an arrow.
The arrow hits Duvessa but does no damage.
You shoot an arrow. The arrow hits Duvessa.
Duvessa is lightly wounded.
Duvessa hits you but does no damage.
You are poisoned.
You shoot an arrow. The arrow hits Duvessa.
Duvessa is lightly wounded.
You feel sick. Duvessa hits you but does no damage.
Duvessa hits you with a +0 short sword of venom.
You are more poisoned.
You shoot an arrow. The arrow hits Duvessa.
Duvessa is lightly wounded.
You feel sick. Duvessa hits you but does no damage.
You are more poisoned.
You shoot an arrow. The arrow hits Duvessa.
Duvessa is moderately wounded.
You feel very sick. Duvessa barely misses you.
Duvessa hits you with a +0 short sword of venom.
You are more poisoned.
You shoot an arrow. The arrow hits Duvessa.
Duvessa is moderately wounded.
You feel very sick. Duvessa hits you but does no damage.
You are more poisoned.
You shoot an arrow. The arrow barely misses Duvessa.
You feel extremely sick.
Duvessa hits you with a +0 short sword of venom.
You are more poisoned.
Duvessa hits you with a +0 short sword of venom.
You are more poisoned.
4793 ||| READING 2 scrolls of teleportation.
As you read the scroll of teleportation, it crumbles to dust.
You feel strangely unstable.
You die...

####+####...
.........
#...##....# ####
#... ##...#
##...# ###...#
#...#
#.....####....#
#..##
......>..$...#
#..#
............#
#..#
......e@...#
#..#
...........#
##..#
........)..##
#...#
########....##
###...#
##....####.....#
##............#
##...........#
##..........#
#..........#


You could see Duvessa (berserk).

Vanquished Creatures
  A wraith (D:5)
  A water moccasin (D:6)
  A black bear (D:6)
  A phantom (D:5)
  A gnoll sergeant (D:6)
  A scorpion (Ossuary)
  A water moccasin zombie (Ossuary)
  A wight (Ossuary)
  Dowan (D:6)
  4 hounds
  2 bullfrog zombies (Ossuary)
  A centaur zombie (Ossuary)
  2 orc priests (D:5)
  2 iguanas
  A sleepcap (D:4)
  An orc wizard (D:5)
  A scorpion zombie (Ossuary)
  An ogre zombie (Ossuary)
  4 gnolls (D:6)
  3 adders
  A shadow imp (D:6)
  3 adder zombies (Ossuary)
  A worm (D:2)
  A dart slug (D:2)
  8 orcs
  7 bats
  3 endoplasms
  2 giant cockroaches
  4 gnoll zombies (Ossuary)
  9 goblins
  7 hobgoblins
  2 kobolds
  5 quokkas
  7 ball pythons
  5 frilled lizards
  8 goblin zombies (Ossuary)
  3 hobgoblin zombies (Ossuary)
  A rat (D:1)
108 creatures vanquished.

Notes
Turn   | Place    | Note
-------+----------+-------------------------------------------
     0 | D:1      | qw the Deep Elf Hunter began the quest for the Orb.
     0 | D:1      | Reached XP level 1. HP: 12/12 MP: 3/3
     0 | D:1      | 0 ||| qw: Version: 0.3-a-22-g0ed2b0b
     0 | D:1      | 0 ||| qw: Game counter: 6410
     0 | D:1      | 0 ||| qw: Melee chars always use a shield: true
     0 | D:1      | 0 ||| qw: God list: Okawaru
     0 | D:1      | 0 ||| qw: Allow faded altars: false
     0 | D:1      | 0 ||| qw: Do Orc after clearing Dungeon:15 true
     0 | D:1      | 0 ||| qw: Do second Lair branch before Depths: true
     0 | D:1      | 0 ||| qw: Lair rune preference: random
     0 | D:1      | 0 ||| qw: Goals: Normal
     0 | D:1      | 0 ||| PLANNING D:1-11
   141 | D:1      | 141 ||| FLEEEEING.
   142 | D:1      | 142 ||| FLEEEEING.
   143 | D:1      | 143 ||| FLEEEEING.
   144 | D:1      | 144 ||| FLEEEEING.
   145 | D:1      | 145 ||| FLEEEEING.
   146 | D:1      | 146 ||| FLEEEEING.
   147 | D:1      | 147 ||| FLEEEEING.
   148 | D:1      | 148 ||| FLEEEEING.
   149 | D:1      | 149 ||| FLEEEEING.
   150 | D:1      | 150 ||| FLEEEEING.
   151 | D:1      | 151 ||| FLEEEEING.
   152 | D:1      | 152 ||| FLEEEEING.
   434 | D:1      | Reached XP level 2. HP: 16/16 MP: 4/4
   438 | D:1      | Reached skill level 6 in Ranged Weapons
   932 | D:1      | 932 ||| UPGRADING to +0 ring mail.
   942 | D:1      | 942 ||| DROPPING +0 leather armour.
   943 | D:1      | 943 ||| UPGRADING to +0 pair of boots.
   948 | D:1      | 948 ||| UPGRADING to ring of willpower.
   949 | D:1      | 949 ||| READING scroll labelled OBRUMOA CANNE.
   950 | D:1      | 950 ||| READING scroll labelled DUSTIO IDYIT.
   951 | D:1      | 951 ||| DRINKING 3 puce potions.
   952 | D:1      | 952 ||| DROPPING scroll of butterflies.
  1160 | D:2      | Found Jepnya's Antique Armour Shop.
  1164 | D:2      | 1164 ||| SHOPLISTING dyed leather armour (155 gold, have
                  | 102).
  1164 | D:2      | 1164 ||| SHOPLISTING shiny helmet (232 gold, have 102).
  1191 | D:2      | You fall into a shaft and drop 2 floors!
  1192 | D:4      | 1192 ||| READING 3 scrolls labelled OMPESEABLU.
  1193 | D:4      | 1193 ||| READING scroll labelled OMOUSH JOBYCW.
  1194 | D:4      | 1194 ||| DRINKING 2 metallic ruby potions.
  1194 | D:4      | Gained mutation: You have sharp toenails. [potion of
                  | mutation]
  1194 | D:4      | Gained mutation: Your natural rate of healing is unusually
                  | fast. [potion of mutation]
  1194 | D:4      | Gained mutation: Your mind is acute. (Int +4, Str/Dex -1)
                  | [potion of mutation]
  1194 | D:4      | Gained mutation: You are partially covered in iridescent
                  | scales. (AC +2) [potion of mutation]
  1195 | D:4      | 1195 ||| DROPPING 2 scrolls of noise.
  1251 | D:3      | 1251 ||| READING scroll labelled FIWUOM DUZEFY.
  1252 | D:3      | 1252 ||| READING scroll labelled PIMEEZ USONUE.
  1402 | D:2      | Reached XP level 3. HP: 20/20 MP: 5/5
  1442 | D:2      | Found a faded altar of an unknown god.
  1647 | D:2      | Reached skill level 7 in Ranged Weapons
  2172 | D:3      | Reached XP level 4. HP: 25/25 MP: 6/6
  2234 | D:3      | 2234 ||| UPGRADING to +0 cloak.
  2239 | D:3      | 2239 ||| UPGRADING to +4 ring of slaying {mikee}.
  2240 | D:3      | 2240 ||| READING scroll labelled EMYKHL DUTHO.
  2241 | D:3      | 2241 ||| READING scroll labelled ELAITU BAGYOF.
  2242 | D:3      | 2242 ||| READING scroll labelled DEIHYZ ONEMA.
  2420 | D:4      | Reached skill level 8 in Ranged Weapons
  2423 | D:4      | Reached XP level 5. HP: 29/29 MP: 7/7
  2429 | D:4      | Found Kihuh's Magic Scroll Emporium.
  2494 | D:4      | Found an opulent altar of Gozag.
  2709 | D:4      | Found a white marble altar of Elyvilon.
  3007 | D:4      | Found a blossoming altar of Fedhas.
  3097 | D:4      | 3097 ||| SHOPLISTING scroll of acquirement (572 gold, have
                  | 216).
  3097 | D:4      | 3097 ||| BUYING scroll of identify (22 gold).
  3097 | D:4      | Bought a scroll of identify for 22 gold pieces
  3097 | D:4      | 3097 ||| BUYING scroll of teleportation (33 gold).
  3097 | D:4      | Bought a scroll of teleportation for 33 gold pieces
  3097 | D:4      | 3097 ||| BUYING scroll of teleportation (33 gold).
  3097 | D:4      | Bought a scroll of teleportation for 33 gold pieces
  3115 | D:4      | Reached skill level 9 in Ranged Weapons
  3327 | D:4      | 3327 ||| DRINKING 3 fuming yellow potions.
  3328 | D:4      | 3328 ||| READING 3 scrolls of identify.
  3328 | D:4      | 3328 ||| IDENTIFYING black potion
  3329 | D:4      | 3329 ||| READING 2 scrolls of identify.
  3329 | D:4      | 3329 ||| IDENTIFYING sapphire potion
  3330 | D:4      | 3330 ||| DROPPING 2 potions of attraction.
  3331 | D:4      | 3331 ||| DROPPING potion of brilliance.
  3341 | D:5      | Entered Level 5 of the Dungeon
  3342 | D:5      | 3342 ||| PLANNING OSSUARY
  3347 | D:5      | 3347 ||| STAIRDANCE
  3378 | D:5      | Reached XP level 6. HP: 29/35 MP: 8/8
  3492 | D:5      | Reached skill level 1 in Armour
  3555 | D:5      | Noticed a wraith
  3569 | D:5      | HP: 6/35 [wraith (6)]
  3570 | D:5      | 3570 ||| READING 2 scrolls of teleportation.
  3571 | D:5      | 3571 ||| DRINKING 2 potions of heal wounds.
  3571 | D:5      | Found Qoschami's Assorted Antiques.
  3571 | D:5      | Found a burning altar of Makhleb.
  3588 | D:5      | 3588 ||| BUYING scroll labelled HYUSIBUAFE (25 gold).
  3588 | D:5      | Bought a scroll labelled HYUSIBUAFE for 25 gold pieces
  3588 | D:5      | 3588 ||| BUYING scroll of identify (50 gold).
  3588 | D:5      | Bought a scroll of identify for 50 gold pieces
  3689 | D:5      | 3689 ||| FLEEEEING.
  3690 | D:5      | 3690 ||| FLEEEEING.
  3691 | D:5      | 3691 ||| FLEEEEING.
  3692 | D:5      | 3692 ||| FLEEEEING.
  3696 | D:5      | 3696 ||| FLEEEEING.
  3697 | D:5      | 3697 ||| FLEEEEING.
  3698 | D:5      | 3698 ||| FLEEEEING.
  3699 | D:5      | 3699 ||| FLEEEEING.
  3700 | D:5      | 3700 ||| FLEEEEING.
  3791 | D:5      | Identified the +5 mace of Traps {protect, rN+ Str-5 Dex+3
                  | Stlth+}
  3843 | D:5      | Found a sand-covered staircase.
  3844 | D:5      | 3844 ||| READING scroll labelled HYUSIBUAFE.
  3845 | D:5      | 3845 ||| DRINKING 2 fuming orange potions.
  3949 | D:5      | 3949 ||| DRINKING 2 brown potions.
  3950 | D:5      | 3950 ||| READING 2 scrolls of identify.
  3950 | D:5      | 3950 ||| IDENTIFYING bubbling blue potion
  3951 | D:5      | 3951 ||| DROPPING potion of berserk rage.
  3960 | Ossuary  | Entered an ossuary
  4017 | Ossuary  | Reached skill level 10 in Ranged Weapons
  4032 | Ossuary  | Reached skill level 3 in Dodging
  4055 | Ossuary  | Reached XP level 7. HP: 40/40 MP: 9/9
  4134 | Ossuary  | Reached skill level 11 in Ranged Weapons
  4154 | Ossuary  | Noticed a silent spectre
  4177 | Ossuary  | 4177 ||| DRINKING 2 amethyst potions.
  4178 | Ossuary  | 4178 ||| DROPPING potion of invisibility.
  4184 | D:5      | 4184 ||| PLANNING D:1-11
  4362 | D:5      | Killed a wraith
  4385 | D:5      | Reached skill level 12 in Ranged Weapons
  4447 | D:5      | 4447 ||| READING 2 scrolls of identify.
  4447 | D:5      | 4447 ||| IDENTIFYING fizzy blue potion
  4448 | D:5      | 4448 ||| DROPPING potion of magic.
  4555 | D:6      | Reached XP level 8. HP: 29/45 MP: 10/10
  4584 | D:6      | 4584 ||| Stepping ~*~*~tactically~*~*~ (outnumbered).
  4588 | D:6      | 4588 ||| Stepping ~*~*~tactically~*~*~ (outnumbered).
  4597 | D:6      | Reached skill level 3 in Fighting
  4773 | D:6      | Noticed Dowan
  4781 | D:6      | Killed Dowan
  4783 | D:6      | Noticed Duvessa
  4792 | D:6      | HP: 11/46 [Duvessa/+0 short sword of venom (5)]
  4793 | D:6      | 4793 ||| READING 2 scrolls of teleportation.
  4793 | D:6      | Succumbed to Duvessa's poison

Levels and vault maps discovered:
D:1:      roderic_lyre, layout_basic, corexii_leaking_fountain
D:2:      layout_loops_ring, hellmonk_ecumenical_altar_inner_sanctum,
          serial_shops, nicolae_shop_back_alley_shop
D:3:      layout_rooms, serial_corexii_hall, corexii_hall_statues_x,
          corexii_hall_statues_x
D:4:      layout_loops_corners, fedhas_altar_fruit_tree,
          mainiacjoe_overflow_boulevard, elyvilon_altar_1, serial_shops,
          nicolae_shop_peninsula, minmay_goblin_outpost
D:5:      layout_basic, mainiacjoe_overflow_concentric_impassable,
          nicolae_ossuary_entry_plus, serial_shops, shop
D:6:      layout_layer_cave, mainiacjoe_overflow_alcove_1,
          minmay_temple_entry_nine_rooms, kennysheep_generic_room_9,
          uniq_duvessa, uniq_eustachio

Skill      XL: |  1  2  3  4  5  6  7  8 |
---------------+-------------------------+-----
Ranged Weapons | 6 7 8 9 10 12 | 12.7
Fighting       | 2 3 |  3.0
Armour         | 1 |  1.8
Dodging        | 3 |  3.0
Stealth        | |  1.2

Action                     |  1- 3 |  4- 6 |  7- 9 || total
---------------------------+-------+-------+-------++-------
   Fire: Shortbow          |   105 |   179 |   118 ||   402
    Use: Scroll            |     6 |     8 |     2 ||    16
         Potion            |     2 |     4 |     1 ||     7
 Armour: Leather armour    |     8 |       |       ||     8
         Ring mail         |    11 |    34 |    19 ||    64
  Dodge: Dodged            |    19 |    40 |    36 ||    95

Table legend:
 A = Non-vault XP
 B = Vault XP
 C = Vault XP percentage of total XP
 D = Non-vault monster count
 E = Vault monster count
 F = Vault count percentage of total count
                 A         B        C        D         E       F
            +---------+---------+-------+---------+---------+-------
      Total |    1120 |     683 |  37.9 |      73 |      35 |  32.4
            +---------+---------+-------+---------+---------+-------
        D:1 |      26 |       0 |   0.0 |      17 |       0 |   0.0
        D:2 |      34 |       0 |   0.0 |      10 |       0 |   0.0
        D:3 |      38 |       0 |   0.0 |      12 |       0 |   0.0
        D:4 |     242 |      13 |   5.1 |      17 |       7 |  29.2
        D:5 |     503 |       0 |   0.0 |      10 |       0 |   0.0
        D:6 |     277 |     211 |  43.2 |       7 |       2 |  22.2
    Ossuary |       0 |     459 | 100.0 |       0 |      26 | 100.0
            +---------+---------+-------+---------+---------+-------
